Map: Prion Terraces

Players

ILLBdA

  • Race: Protoss Protoss
  • League: Diamond

Totti - Winner!

  • Race: Zerg Zerg
  • League: Platinum

VOD

Have the link to the VOD?

Description

Time

  • Played on: Dec. 22, 2015, 8:36 a.m.
  • Length: 8:03
Show
View Real Time Build Order
Export as new Build Order

ILLBdA Protoss 

Build Orders:  

Get SALT Encoding   

  12  0:01  Probe (Chrono Boost)  
  13  0:11  Probe (Chrono Boost)  
  14  0:20  Pylon  
  14  0:22  Probe (Chrono Boost)  
  15  0:38  Probe (Chrono Boost)  
  15  0:40  Forge  
  16  0:49  Probe (Chrono Boost)  
  17  0:59  Probe (Chrono Boost)  
  18  1:10  Probe (Chrono Boost)  
  19  1:21  Probe (Chrono Boost)  
  19  1:23  Gateway  
  19  1:25  Photon Cannon  
  20  1:31  Probe (Chrono Boost)  
  21  1:33  Assimilator  
  21  1:38  Pylon  
  21  1:39  Assimilator  
  21  1:50  Probe (Chrono Boost)  
  22  2:06  Photon Cannon  
  22  2:11  Zealot  
  22  2:12  Cybernetics Core  
  22  2:15  Probe (Chrono Boost)  
  25  2:25  Probe (Chrono Boost)  
  25  2:26  Pylon  
  26  2:36  Probe (Chrono Boost)  
  27  2:44  Photon Cannon  
  27  2:48  Photon Cannon  
  27  2:49  Pylon  
  27  2:55  Mothership Core (Chrono Boost)  
  29  2:59  Sentry  
  29  3:03  Warp Gate (Chrono Boost)  
  31  3:22  Gateway  
  31  3:23  Gateway  
  33  3:27  Sentry  
  33  3:37  Pylon  
  33  3:41  Pylon  
  32  3:58  Adept  
  34  4:26  Adept x2  
  34  4:27  Adept  
  34  4:30  Pylon  
  39  4:52  Pylon  
  39  5:05  Adept x3  
  45  5:11  Gateway  
  45  5:14  Pylon  
  45  5:16  Gateway  
  45  5:17  Pylon  
  45  5:34  Gateway  
  45  5:35  Sentry x3  
  51  5:46  Pylon  
  47  6:26  Stalker x4  
  55  6:34  Pylon  
  55  6:36  Sentry  
  57  6:52  Sentry x3  
  57  6:54  Zealot  
  57  7:23  Stalker  
  57  7:24  Stalker  
  43  7:44  Stalker x2  
  43  7:45  Stalker  
  43  7:48  Pylon  
  43  7:50  Pylon  
  47  7:56  Stalker  
Show
View Real Time Build Order
Export as new Build Order

Totti Zerg - Winner!

Build Orders: Pool First 

Get SALT Encoding   

  12  0:19  Spawning Pool  
  11  0:23  Drone  
  11  0:26  Drone  
  13  0:31  Drone  
  14  0:39  Overlord  
  14  1:06  Zergling x6  
  14  1:07  Queen  
  19  1:17  Zergling x2  
  20  1:29  Zergling x2  
  21  1:48  Hatchery  
  21  1:49  Overlord  
  21  1:50  Drone  
  20  2:01  Drone  
  20  2:07  Queen  
  23  2:17  Drone x2  
  23  2:18  Drone  
  23  2:19  Overlord  
  26  2:25  Drone  
  27  2:35  Drone  
  28  2:43  Queen  
  30  2:48  Drone  
  30  2:49  Overlord  
  30  2:51  Drone  
  32  3:14  Extractor  
  32  3:15  Hatchery  
  32  3:16  Extractor  
  30  3:20  Drone x3  
  31  3:29  Drone x3  
  34  3:36  Spine Crawler  
  34  3:41  Drone  
  33  3:51  Drone  
  33  3:54  Drone  
  35  3:56  Drone  
  36  4:12  Drone x2  
  36  4:16  Drone  
  39  4:18  Metabolic Boost  
  39  4:33  Roach Warren  
  38  4:41  Drone x3  
  41  4:46  Spore Crawler  
  41  4:48  Spore Crawler, Drone  
  40  4:57  Lair  
  40  4:58  Drone x2  
  42  5:09  Overlord, Spine Crawler  
  42  5:10  Overlord  
  42  5:14  Roach  
  43  5:25  Overlord x2  
  43  5:31  Spine Crawler  
  43  5:34  Drone x2  
  43  5:35  Spine Crawler  
  43  5:44  Roach  
  45  5:55  Roach  
  43  6:01  Roach  
  43  6:07  Roach x4  
  43  6:08  Roach x2, Zergling x6  
  58  6:15  Roach, Zergling x4  
  58  6:16  Queen x2  
  66  6:19  Zergling x2  
  67  6:31  Evolution Chamber, Glial Reconstitution  
  66  6:37  Overlord  
  66  6:46  Roach  
  68  6:47  Overlord x2  
  68  6:49  Overlord  
  68  6:56  Overseer  
  68  6:59  Overlord x2  
  68  7:00  Roach x2  
  68  7:18  Roach x3, Zergling x6  
  72  7:24  Roach x2, Zergling x2  
  74  7:30  Zergling x2  
  74  7:36  Zergling x2  
  68  7:40  Zergling x2  
  68  7:45  Zergling x2  
  73  8:01  Spine Crawler, Extractor  
  73  8:02  Spine Crawler  
Tags
 
Matchup
PvZ
Opening
Pool First
Replay Pack
me
Add a new tag
Caveats
  • Supply blocks, unpowered buildings, or Contaminate may cause inaccurate times.
  • Supply counts are checked every 10 seconds.